 Dungeon Crawl Stone Soup version 0.29-a0-233-g1125b37a9b (webtiles) character file.

Game seed: 16588116379620738651

10391 kae the Jinx (level 11, -8/54 HPs)
             Began as a Spriggan Enchanter on Mar 1, 2022.
             Was a Priest of Dithmenos.
             Shot with an arrow by a centaur (11 damage)
             ... on level 11 of the Dungeon.
             The game lasted 00:10:06 (12843 turns).

kae the Jinx (Spriggan Enchanter)                  Turns: 12843, Time: 00:10:06

Health: -8/54      AC:  5    Str:  8    XL:     11   Next: 35%
Magic:  16/23      EV: 26    Int: 17    God:    Dithmenos [***...]
Gold:   586        SH:  0    Dex: 16    Spells: 12/25 levels left

rFire   . . .      SeeInvis +   a - +2 dagger (chaos)
rCold   . . .      Faith    .   (no shield)
rNeg    + . .      Spirit   .   F - +0 steam dragon scales
rPois   .          Reflect  .   (helmet restricted)
rElec   .          Harm     .   (no cloak)
rCorr   .          Rampage  .   (gloves unavailable)
Will    +....                   (boots unavailable)
Stlth   +++++++...              e - amulet of magic regeneration
HPRegen 0.18/turn               h - +4 ring of evasion
MPRegen 0.58/turn               p - ring of positive energy

@: wreathed by umbra, very quick
A: very small, no large weapons, unfitting armour, see invisible, speed 3
a: Renounce Religion, Shadow Step


You were on level 11 of the Dungeon.
You worshipped Dithmenos.
Dithmenos was most pleased with you.
You visited 2 branches of the dungeon, and saw 12 of its levels.

You collected 656 gold pieces.
You spent 70 gold pieces at shops.

Inventory:

Hand Weapons
 a - a +2 dagger of chaos (weapon)
Missiles
 G - 3 throwing nets (quivered)
Armour
 b - a +0 robe
 F - +0 steam dragon scales (worn)
Jewellery
 e - an amulet of magic regeneration (around neck)
 h - a +4 ring of evasion (left hand)
 i - a +6 ring of intelligence
 p - a ring of positive energy (right hand)
 r - an amulet of the acrobat
 x - a ring of flight
 y - a ring of ice
 C - a ring of poison resistance
Wands
 u - a wand of iceblast (26)
Scrolls
 d - 2 scrolls of silence
 n - 3 scrolls of teleportation
 s - a scroll of amnesia
 v - 2 scrolls of blinking
Potions
 c - a potion of invisibility
 f - 2 potions of degeneration
 g - a potion of lignification
 j - 3 potions of haste
 k - 9 potions of curing
 l - 2 potions of brilliance
 m - 5 potions of flight
 q - a potion of resistance
 t - a potion of mutation
 w - 3 potions of attraction
 z - a potion of cancellation
 A - 2 potions of ambrosia {unknown}
 E - a potion of might {unknown}


   Skills:
 + Level 4.7 Fighting
 * Level 9.5 Short Blades
 + Level 8.4 Dodging
 + Level 10.5 Stealth
 + Level 7.7 Spellcasting
 * Level 11.1 Hexes
 + Level 5.2 Invocations


You had 12 spell levels left.
You knew the following spells:

 Your Spells              Type           Power      Damage    Failure   Level
a - Ensorcelled Hibernat  Hex/Ice        50%        N/A       1%          2
b - Confusing Touch       Hex            44%        N/A       1%          3
c - Tukima's Dance        Hex            44%        N/A       1%          3
d - Dazzling Flash        Conj/Hex       50%        N/A       3%          3
e - Blink                 Tloc           12%        N/A       16%         2

Your spell library contained the following spells:

 Spells                   Type           Power      Damage    Failure   Level
 Summon Guardian Golem    Hex/Summ       25%        N/A       3%          3
 Summon Small Mammal      Summ           24%        N/A       11%         1
 Static Discharge         Conj/Air       6%         N/A       16%         2
 Call Canine Familiar     Summ           6%         N/A       32%         3
 Lesser Beckoning         Tloc           6%         N/A       32%         3
 Dispel Undead            Necr           6%         3d8       71%         4
 Sticky Flame             Conj/Fire      6%         2d3       71%         4
 Manifold Assault         Tloc           6%         N/A       96%         5


Dungeon Overview and Level Annotations

Branches:
Dungeon (11/15)            Temple (1/1) D:4            Lair (0/6) D:11
    Orc (0/2) D:11

Altars:
Ashenzari
Cheibriados
Dithmenos
Elyvilon
Fedhas
Gozag
Hepliaklqana
Kikubaaqudgha
Makhleb
Nemelex Xobeh
Okawaru
Qazlal
Ru
Sif Muna
Trog
Uskayaw
Vehumet
Wu Jian
Xom
Yredelemnul
Zin
The Shining One

Shops:
D:2 ?   D:10 (

Annotations:
D:7 1 runed translucent door, exclusion: centaur, DEFE's ghost, novice OpFi
D:11 3 runed translucent doors, Crownlay's ghost, journeyman GrEE


Innate Abilities, Weirdness & Mutations

You are very small and have problems with some larger weapons.
You are too small for most types of armour.
You have supernaturally acute eyesight. (SInv)
You cover ground extremely quickly. (Speed+++)


Message History

Aim: a centaur (heavily wounded, umbra, chance to affect: 56%)
The centaur looks drowsy...
The centaur hits you.
The centaur completely misses you. x3; The shadow completely misses you.
The centaur completely misses you. The centaur closely misses you.
The helpless centaur fails to defend itself.
You stick the centaur like a pincushion!!!!
You kill the centaur!
Dithmenos accepts your kill. The centaur misses you.
The centaur closely misses you.
Casting: Ensorcelled Hibernation (safe; 1% risk of failure)
Confirm with . or Enter, or press ? or * to list all spells.
Aiming: Ensorcelled Hibernation (safe; 1% risk of failure)
Press: ? - help, Shift-Dir - straight line, f - centaur
Aim: a centaur (umbra, chance to affect: 56%)
The centaur resists with significant effort.
The centaur completely misses you. x2; The centaur closely misses you.
The centaur barely misses you. The shadow completely misses you.
The centaur completely misses you. The centaur closely misses you.
The centaur hits you but does no damage.
The centaur misses you.
Casting: Ensorcelled Hibernation (safe; 1% risk of failure)
Confirm with . or Enter, or press ? or * to list all spells.
Aiming: Ensorcelled Hibernation (safe; 1% risk of failure)
Press: ? - help, Shift-Dir - straight line, f/p - centaur
Aim: a centaur (umbra, chance to affect: 56%)
The centaur looks drowsy...
The shadow completely misses you. The centaur closely misses you.
The centaur misses you.
The helpless centaur fails to defend itself.
You stick the centaur like a pincushion!!!!
You kill the centaur!
Dithmenos accepts your kill. The centaur barely misses you.
The centaur misses you. The shadow hits you! The centaur barely misses you. x2
The centaur wields a +0 shortbow.
The centaur shoots an arrow.
The arrow completely misses you.
The gargoyle hurls a stone arrow at you.
The stone arrow hits you!!
* * * LOW HITPOINT WARNING * * *
The centaur shoots an arrow.
The arrow hits you!
You die...

..........................#
...........................
...................))......
..................).).....#
####.........#....W9......#
#..(.....###.....c.......
####........##.........##..
##.................#..## .
....##.......>..@..#.....
....................###.#
#..#########........#. .#
...#OH#.#HO#.......... #
...##.??WW##............
...# #...#.#............
##.###.##. #............
##.#.#...###.#..........
.#.#.##..#!#.#........


You could see a minotaur, a two-headed ogre, a gargoyle, a shadow, a centaur and
Crownlay's ghost.

Vanquished Creatures
  Harold (D:10)
  Fannar (D:10)
  A hydra (D:11)
  2 two-headed ogres (D:9)
  A centaur warrior (D:9)
  Pikel (D:8)
  A manticore (D:11)
  An unseen horror (D:10)
  A komodo dragon (D:11)
  A kobold demonologist (D:10)
  Maggie (D:8)
  2 trolls (D:10)
  A wyvern (D:9)
  5 yaks (D:10)
  A wraith (D:10)
  A steam dragon (D:7)
  A water moccasin (D:6)
  3 orc warriors
  2 ice beasts (D:7)
  2 black bears
  3 ogres
  8 centaurs
  2 kobold brigands
  A gnoll sergeant (D:9)
  3 necrophages
  2 scorpions
  2 wights (D:9)
  7 killer bees
  A jelly (D:6)
  2 orc priests
  3 hounds
  Crazy Yiuf (D:2)
  2 gnoll shamans
  5 iguanas
  17 gnolls
  10 adders
  2 white imps
  An ufetubus (D:6)
  5 worms
  2 dart slugs (D:3)
  13 orcs
  5 ball pythons
  10 endoplasms
  4 giant cockroaches
  6 goblins
  7 hobgoblins
  14 jackals
  21 kobolds
  7 quokkas
  3 bats
  4 frilled lizards
  5 rats
208 creatures vanquished.

Vanquished Creatures (collateral kills)
  A wight (D:9)
1 creature vanquished.

Vanquished Creatures (others)
  A dancing weapon (D:9)
  A bush (D:7)
2 creatures vanquished.

Grand Total: 211 creatures vanquished

Notes
Turn   | Place    | Note
-------+----------+-------------------------------------------
     0 | D:1      | kae the Spriggan Enchanter began the quest for the Orb.
     0 | D:1      | Reached XP level 1. HP: 9/9 MP: 5/5
   496 | D:1      | Reached XP level 2. HP: 13/13 MP: 6/6
   533 | D:1      | Learned a level 2 spell: Ensorcelled Hibernation
   593 | D:1      | Reached skill level 4 in Hexes
  1547 | D:2      | Reached XP level 3. HP: 10/16 MP: 5/8
  2026 | D:2      | Learned a level 3 spell: Confusing Touch
  2409 | D:2      | Found Detacs's Magic Scroll Boutique.
  2425 | D:2      | Bought a scroll of identify for 28 gold pieces
  2425 | D:2      | Bought a scroll of teleportation for 42 gold pieces
  2513 | D:2      | Found a runed translucent door.
  2514 | D:2      | Noticed Crazy Yiuf
  2778 | D:2      | Killed Crazy Yiuf
  2779 | D:2      | Reached XP level 4. HP: 21/21 MP: 7/10
  3291 | D:3      | Reached skill level 5 in Stealth
  3821 | D:3      | Reached XP level 5. HP: 25/25 MP: 11/11
  4143 | D:4      | Found a staircase to the Ecumenical Temple.
  4232 | Temple   | Entered the Ecumenical Temple
  4399 | Temple   | Became a worshipper of Dithmenos the Shadowed
  4518 | D:4      | Reached skill level 5 in Hexes
  4972 | D:4      | Noticed an ogre
  5002 | D:4      | Reached skill level 1 in Fighting
  5007 | D:4      | Reached XP level 6. HP: 29/30 MP: 12/12
  5290 | D:5      | Entered Level 5 of the Dungeon
  5464 | D:5      | Reached XP level 7. HP: 33/33 MP: 12/14
  5698 | D:5      | Reached skill level 6 in Hexes
  5818 | D:5      | Found a hide-covered altar of Uskayaw.
  5818 | D:5      | Found a stormy altar of Qazlal.
  5819 | D:5      | Found an ancient bone altar of Kikubaaqudgha.
  5823 | D:5      | Reached * piety under Dithmenos
  6819 | D:6      | Reached skill level 1 in Invocations
  7071 | D:6      | Reached skill level 5 in Short Blades
  7071 | D:6      | Reached skill level 5 in Dodging
  7071 | D:6      | Reached XP level 8. HP: 39/39 MP: 12/16
  7669 | D:7      | Learned a level 3 spell: Tukima's Dance
  7673 | D:7      | Learned a level 3 spell: Dazzling Flash
  7676 | D:7      | Learned a level 2 spell: Blink
  7695 | D:7      | Reached skill level 7 in Hexes
  7979 | D:7      | Reached skill level 5 in Spellcasting
  7989 | D:7      | Reached ** piety under Dithmenos
  8185 | D:7      | Found a runed translucent door.
  8212 | D:7      | Noticed DEFE's ghost (novice OpFi)
  9040 | D:8      | Reached XP level 9. HP: 34/43 MP: 13/18
  9059 | D:8      | Reached skill level 8 in Hexes
  9728 | D:8      | Noticed Pikel
  9747 | D:8      | Killed Pikel
  9892 | D:8      | Noticed Maggie
  9895 | D:8      | Killed Maggie
 10219 | D:9      | Noticed a centaur warrior
 10244 | D:9      | Killed a centaur warrior
 10245 | D:9      | Reached skill level 9 in Hexes
 10490 | D:9      | Noticed a two-headed ogre
 10502 | D:9      | Killed a two-headed ogre
 10503 | D:9      | Reached XP level 10. HP: 17/49 MP: 17/20
 10873 | D:9      | Noticed a two-headed ogre
 10875 | D:9      | Found a basalt altar of Yredelemnul.
 10880 | D:9      | Killed a two-headed ogre
 10880 | D:9      | Reached *** piety under Dithmenos
 11628 | D:10     | Entered Level 10 of the Dungeon
 11642 | D:10     | Noticed Fannar
 11648 | D:10     | Killed Fannar
 11649 | D:10     | Reached skill level 10 in Hexes
 11859 | D:10     | Reached skill level 10 in Stealth
 11904 | D:10     | Reached XP level 11. HP: 37/54 MP: 21/23
 12174 | D:10     | Noticed Harold
 12180 | D:10     | Killed Harold
 12181 | D:10     | Reached skill level 5 in Invocations
 12232 | D:10     | Found Qeubounu's Weapon Emporium.
 12368 | D:11     | Noticed a cyan ugly thing
 12368 | D:11     | Found a runed translucent gate.
 12368 | D:11     | Found a runed translucent gate.
 12368 | D:11     | Found a runed translucent gate.
 12395 | D:11     | Noticed a two-headed ogre
 12402 | D:11     | Noticed a minotaur
 12414 | D:11     | Noticed Crownlay's ghost (journeyman GrEE)
 12559 | D:11     | Found a staircase to the Lair.
 12562 | D:11     | Noticed a cyan ugly thing
 12802 | D:11     | Found a staircase to the Orcish Mines.
 12805 | D:11     | Noticed an eight-headed hydra
 12812 | D:11     | Killed an eight-headed hydra
 12813 | D:11     | Reached skill level 11 in Hexes
 12843 | D:11     | Shot with an arrow by a centaur

Illustrated notes

Levels and vault maps discovered:
D:1:      dpeg_arrival_round_c, layout_basic
D:2:      layout_basic, serial_shops, shop, uniq_crazy_yiuf_cottage
D:3:      layout_basic
D:4:      minmay_clustersquares, layout_loops_ring, minmay_temple_entry_mist
D:5:      layout_basic, gammafunk_temple_overflow_claw, gup_sewer_entry_spiral,
          amcnicky_mini_pool_small
D:6:      layout_loops_cross, hex_large
D:7:      layout_basic, ebering_ghost_reflecting_pool, kb_lookout_dungeons_type
D:8:      layout_cave_pods, uniq_maggie, uniq_pikel
D:9:      layout_basic, mainiacjoe_overflow_brackets, hangedman_glass_teeth
D:10:     layout_loops_ring, serial_shops, nicolae_shop_behind_doors,
          uniq_harold, uniq_fannar
D:11:     layout_cave_pools, lair_entry_dummy, maelrawn_ghost_gauntlet_escape,
          serial_undead, serial_undead_b, serial_undead_c, serial_undead_e,
          serial_undead_d
Temple:   mainiacjoe_temple_coin_purse

Skill      XL: |  1  2  3  4  5  6  7  8  9 10 11 |
---------------+----------------------------------+-----
Hexes          | 4 5 6 7 9 10 11 | 11.1
Dodging        | 3 4 5 7 8 |  8.4
Spellcasting   | 3 4 5 6 7 |  7.7
Short Blades   | 2 3 4 5 6 7 8 9 |  9.5
Stealth        | 5 6 7 8 10 | 10.5
Fighting       | 1 2 3 4 |  4.7
Invocations    | 1 2 3 4 5 |  5.2

Action                   |  1- 3 |  4- 6 |  7- 9 | 10-12 || total
-------------------------+-------+-------+-------+-------++-------
Melee: Dagger            |   149 |   140 |   198 |    68 ||   555
       Punch             |     2 |     1 |     1 |       ||     4
 Cast: Ensorcelled Hiber |    13 |    32 |    71 |    60 ||   176
       Confusing Touch   |       |       |     4 |     3 ||     7
       Tukima's Dance    |       |       |       |     3 ||     3
  Use: Scroll            |     5 |     6 |    10 |     2 ||    23
       Potion            |       |       |       |     1 ||     1
 Stab: Sleeping          |    16 |    19 |    49 |    34 ||   118
       Distracted        |       |     2 |       |       ||     2
       Confused          |       |       |     6 |     2 ||     8
Armor: Robe              |    15 |     1 |     2 |       ||    18
       Steam dragon scal |       |       |     6 |    11 ||    17
Dodge: Dodged            |   109 |   109 |   188 |   134 ||   540

Table legend: (Time is in decaauts)
 A = Elapsed time spent in this place.
 B = Non-inter-level travel time spent in this place.
 C = Inter-level travel time spent in this place.
 D = Time resting spent in this place.
 E = Time spent auto-exploring this place.
 F = Levels seen in this place.
 G = Mean time per level.
                   A        B        C        D        E       F      G
               +--------+--------+--------+--------+--------+-----+--------+
         Total |   9666 |   9413 |    253 |   2417 |   5527 |  12 |  805.5 |
       Dungeon |   9536 |   9302 |    234 |   2417 |   5428 |  11 |  866.9 |
        Temple |    129 |    110 |     19 |      0 |     99 |   1 |  129.0 |
               +--------+--------+--------+--------+--------+-----+--------+

Top non-repeatable levels by time:
     D:1: 1200 daAuts
     D:9: 1108 daAuts
     D:8: 1061 daAuts
     D:2: 1023 daAuts
     D:5: 957 daAuts
     D:3: 934 daAuts
     D:7: 873 daAuts
     D:4: 749 daAuts
     D:6: 717 daAuts
    D:10: 708 daAuts
    D:11: 201 daAuts
  Temple: 129 daAuts
